 Dungeon Crawl Stone Soup version 0.31.0-11-ge490571c62 (webtiles) character file.

Game seed: 12811479408285072356

13 browni3141 the Trooper (level 2, 24/24 HPs)
             Began as a Demonspawn Fighter on Jan 31, 2024.
             Got out of the dungeon alive.
             The game lasted 00:00:16 (156 turns).

browni3141 the Trooper (Demonspawn Fighter)          Turns: 156, Time: 00:00:16

Health: 24/24      AC:  6    Str: 16    XL:     2   Next: 24%
Magic:  2/2        EV:  8    Int:  8    God:
Gold:   0          SH:  5    Dex: 14    Spells: 1/1 levels left

rFire   . . .        a - +0 flail
rCold   . . .        c - +0 buckler
rNeg    . . .        b - +0 scale mail
rPois   .            (no helmet)
rElec   .            (no cloak)
rCorr   .            (no gloves)
SInv    .            (no boots)
Will    .....        (no amulet)
Stlth   +            (no ring)
HPRegen 0.24/turn    (no ring)
MPRegen 0.08/turn

%: no passive effects
@: no status effects
A: thin skeletal structure 1
a: no special abilities


You escaped.
You visited 1 branch of the dungeon, and saw 1 of its levels.

Inventory:

Hand Weapons
 a - a +0 flail (weapon)
Armour
 b - a +0 scale mail (worn)
 c - a +0 buckler (worn)
Potions
 d - a potion of might


   Skills:
 + Level 3.1 Fighting
 + Level 2.0 Maces & Flails
 + Level 2.8 Armour
 + Level 2.9 Shields


You had one spell level left.
You didn't know any spells.
Your spell library was empty.

Dungeon Overview and Level Annotations

Branches:
Dungeon (1/15)

Altars:


Innate Abilities, Weirdness & Mutations

You have a somewhat thin skeletal structure. (Dex +2, Stealth+)


Message History

You block the jackal's attack.
The jackal bites you but does no damage.
You thump the jackal!
You kill the jackal!
The jackal closely misses you.
You hit the jackal.
The jackal is severely wounded.
You block the jackal's attack. The jackal closely misses you.
You sock the jackal!
You kill the jackal!
You block the bat's attack.
You thump the bat!
You kill the bat!
The ball python bites you but does no damage.
The ball python grabs you. The ball python constricts you.
You hit the ball python.
You kill the ball python!
No target in view!
You see here a jackal corpse.
No target in view!
No target in view!
No target in view!
HP restored.
You see here a jackal corpse.
A rat comes into view.
The rat squeaks loudly.
You hear a shout!
You hear a bark!
A rat is nearby!
A rat is nearby!
A rat is nearby!
A jackal comes into view.
The rat bites you but does no damage.
You hit the rat.
You kill the rat!
You hit the jackal.
You kill the jackal!
Your Maces & Flails skill increases to level 2!
No target in view!
A kobold, a jackal and a frilled lizard come into view.
The jackal barks!
The frilled lizard hisses angrily.
The kobold moves out of view.
A kobold comes into view. It is wielding a +0 dagger.
The kobold shouts!
There are monsters nearby!
There are monsters nearby!
You closely miss the frilled lizard.
The jackal bites you but does no damage.
The frilled lizard bites you. You block the jackal's attack.
There are monsters nearby!
You closely miss the frilled lizard.
The jackal bites you but does no damage.
The frilled lizard bites you but does no damage.
The kobold hits you but does no damage. The jackal bites you.
The frilled lizard bites you. The kobold barely misses you.
The kobold hits you but does no damage.
You sock the kobold!
You kill the kobold!
The jackal barely misses you. The kobold barely misses you.
A rat comes into view.
The frilled lizard misses you. The jackal bites you.
You have reached level 2!
Your demonic ancestry asserts itself...
Your bones become slightly less dense.
You miss the kobold.
The rat squeaks loudly.
The jackal barely misses you. You block the kobold's attack.
The frilled lizard bites you but does no damage.
The jackal bites you but does no damage.
You hit the kobold.
You kill the kobold!
You block the frilled lizard's attack. You block the jackal's attack.
The frilled lizard bites you but does no damage.
The jackal closely misses you.
You thump the jackal!
You kill the jackal!
You block the frilled lizard's attack.
You barely miss the frilled lizard. The frilled lizard bites you.
You hit the frilled lizard.
You kill the frilled lizard!
You see here a jackal corpse.
You thump the rat!
You kill the rat!
No target in view!
No target in view!
A bat comes into view.
You see here a +0 long sword.
You don't know any spells.
The bat hits you but does no damage.
You see here a +0 long sword.
The bat hits you but does no damage. The bat barely misses you.
Why would you want to do that? The bat hits you but does no damage.
The bat barely misses you. The bat closely misses you.
You hit the bat.
You kill the bat!
Why would you want to do that?
You see here a jackal corpse.
There is a staircase leading out of the dungeon here.
Unknown command.
You have escaped!

#.# #............. #.#
#.............
#######.##########...#..
.............†...†......
#######.#######.........
#.# #####......... #.#
#......##..... #.#
#......##..... #@#
#.............
########..........
......##.....###..
#......#.....#.... #
#.....#.......##. ..
#................
..#................
.....≈.≈............
...#.....#..........


There were no monsters in sight!

Vanquished Creatures
  5 jackals (D:1)
  2 kobolds (D:1)
  A ball python (D:1)
  2 bats (D:1)
  A frilled lizard (D:1)
  2 rats (D:1)
13 creatures vanquished.

Notes
Turn   | Place    | Note
-------+----------+-------------------------------------------
     0 | D:1      | browni3141 the Demonspawn Fighter began the quest for the
                  | Orb.
     0 | D:1      | Reached XP level 1. HP: 18/18 MP: 1/1
    95 | D:1      | Gained mutation: You have a somewhat thin skeletal
                  | structure. (Dex +2, Stealth+) [demonic ancestry]
    95 | D:1      | Reached XP level 2. HP: 19/24 MP: 2/2
   156 | D:$      | Got out of the dungeon alive.

Illustrated notes

Levels and vault maps discovered:
D:1:      lemuel_arrival_cross, layout_basic, nicolae_kite_square_tiling_tiny,
          minmay_small_reverse_x

Skill      XL: |  1 |
---------------+----+-----
Maces & Flails | 2 |  2.0
Fighting       | |  3.1
Armour         | |  2.8
Shields        | |  2.9

Action                     || total
---------------------------++-------
  Melee: Flail             ||    28
 Armour: Scale mail        ||    40
  Dodge: Dodged            ||    22
  Block: Buckler           ||    14
